 Dungeon Crawl Stone Soup version 0.27.1-3-gb3d3a73c9e (webtiles) character file.

Game seed: 15860491849532222855

456 Gynju the Sneak (level 7, -2/36 HPs)
             Began as a Kobold Enchanter on Oct 18, 2021.
             Slain by Menkaure (22 damage)
             ... on level 4 of the Dungeon.
             The game lasted 00:10:29 (5101 turns).

Gynju the Sneak (Kobold Enchanter)                  Turns: 5101, Time: 00:10:29

Health: -2/36      AC:  2    Str:  6    XL:     7   Next: 27%
Magic:  11/11      EV: 15    Int: 22    God:
Gold:   148        SH:  5    Dex: 17    Spells: 9/12 levels left

rFire    + . .     SeeInvis .   v - +2 dagger (venom)
rCold    . . .     Faith    .   m - +0 buckler
rNeg     . . .     Spirit   .   b - +0 robe
rPois    .         Reflect  .   (no helmet)
rElec    .         Harm     .   (no cloak)
rCorr    .         Rampage  .   (no gloves)
Will     .....                  (no boots)
Stlth    ++++......             (no amulet)
HPRegen  0.12/turn              p - +6 ring of intelligence
MPRegen  0.12/turn              y - ring of protection from fire

@: no status effects
A: small, no large weapons, nightstalker 3
a: no special abilities


You were on level 4 of the Dungeon.
You visited 1 branch of the dungeon, and saw 5 of its levels.

You collected 148 gold pieces.

Inventory:

Hand Weapons
 i - a +2 whip of electrocution
 k - a +0 hunting sling of flaming
 s - a +0 rapier
 v - a +2 dagger of venom (weapon)
Missiles
 d - 49 stones
 l - 52 sling bullets
Armour
 b - a +0 robe (worn)
 m - a +0 buckler (worn)
Jewellery
 p - a +6 ring of intelligence (left hand)
 r - a ring of poison resistance
 y - a ring of protection from fire (right hand)
Scrolls
 a - a scroll of torment {unknown}
 f - a scroll of identify
 h - 2 scrolls of amnesia
 j - 2 scrolls of fog
 o - a scroll of blinking
 t - a scroll of acquirement {unknown}
 u - a scroll of brand weapon {unknown}
 x - a scroll of enchant armour {unknown}
Potions
 c - 4 potions of heal wounds
 e - 2 potions of degeneration
 g - 2 potions of curing
 n - a potion of cancellation
 q - a potion of brilliance
 w - 2 potions of lignification {unknown}


   Skills:
 + Level 4.0 Short Blades
 + Level 3.6 Dodging
 + Level 5.6 Stealth
 + Level 2.1 Shields
 + Level 3.1 Spellcasting
 + Level 4.0 Hexes
 - Level 2.1 Ice Magic


You had 9 spell levels left.
You knew the following spells:

 Your Spells              Type           Power      Damage    Failure   Level
a - Corona                Hex            23%        N/A       3%          1
b - Ensorcelled Hibernat  Hex/Ice        34%        N/A       7%          2

Your spell library contained the following spells:

 Spells                   Type           Power      Damage    Failure   Level
 Confusing Touch          Hex            21%        N/A       10%         3
 Tukima's Dance           Hex            21%        N/A       10%         3
 Dazzling Flash           Conj/Hex       24%        N/A       22%         3
 Ozocubu's Armour         Ice            12%        N/A       22%         3
 Sublimation of Blood     Necr           1%         N/A       26%         2
 Wereblood                Tmut           3%         N/A       26%         2
 Summon Lightning Spire   Summ/Air       3%         N/A       86%         4
 Ozocubu's Refrigeration  Ice            6%         4d6       100%        7
 Storm Form               Tmut/Air       1%         N/A       100%        7
 Summon Hydra             Summ           1%         N/A       100%        7
 Maxwell's Capacitive Co  Air            1%         ∞         100%        8


Dungeon Overview and Level Annotations

Branches:
Dungeon (5/15)
 Temple: D:4-7

Altars:

Shops:
D:4 [[[

Annotations:
D:2 Edmund
D:4 Menkaure


Innate Abilities, Weirdness & Mutations

You are small and have problems with some larger weapons.
You are completely attuned to the shadows.


Message History

Level annotation: Menkaure
There is a stone staircase leading up, spattered with blood here.
Things that are here:
a +0 robe; a +0 dagger; the elf corpse of Dowan
Found Ufraidatz's Armour Shop.
d - 49 stones (gained 1) Menkaure shouts!
You hit Menkaure.
Menkaure is lightly damaged.
You hit Menkaure.
Menkaure is moderately damaged.
You block Menkaure's attack.
You hit Menkaure but do no damage.
Menkaure is moderately damaged.
Menkaure calls on the powers of darkness!
Your body is wracked with pain!
You hit Menkaure.
Menkaure is moderately damaged.
You hit Menkaure but do no damage.
Menkaure is moderately damaged.
Menkaure casts a spell.
Menkaure seems to speed up.
You hit Menkaure but do no damage.
Menkaure is moderately damaged.
Menkaure breathes soot at you. Menkaure barely misses you.
You barely miss Menkaure.
Menkaure is moderately damaged.
Menkaure barely misses you.
You hit Menkaure but do no damage.
Menkaure is moderately damaged.
Menkaure barely misses you.
You barely miss Menkaure.
Menkaure is moderately damaged.
Menkaure hits you but does no damage.
You hit Menkaure.
Menkaure is moderately damaged.
Menkaure hits you!!
Ouch! That really hurt!
You die...

...... ..... ....## ###..# ##
.8...... ##...# ... .........
##.#.####..## ........#
#..#.......... ........#...#
...###..## #..###..##....#...#.#
...#####.###....@M.##.##.#.....##
.............(....∩.. #..........
#.........####..##... ##........#
..........###...##..####..#.....#
....................##...##.#..##
.....###......[.....#..#....##...
.....# #.....................#...
.....###.....................#...
......(.....#................#.##


You could see Menkaure (fast).

Vanquished Creatures
  Duvessa (D:4)
  A black bear (D:4)
  Dowan (D:4)
  A jelly (D:5)
  An iguana (D:5)
  5 adders
  An ufetubus (D:4)
  A worm (D:2)
  4 dart slugs
  An orc (D:3)
  8 ball pythons
  5 bats
  11 endoplasms
  5 giant cockroaches
  5 goblins
  7 hobgoblins
  4 jackals (D:2)
  6 kobolds
  3 quokkas
  5 frilled lizards
  5 rats
81 creatures vanquished.

Vanquished Creatures (others)
  21 plants (D:3)
21 creatures vanquished.

Grand Total: 102 creatures vanquished

Notes
Turn   | Place    | Note
-------+----------+-------------------------------------------
     0 | D:1      | Gynju the Kobold Enchanter began the quest for the Orb.
     0 | D:1      | Reached XP level 1. HP: 10/10 MP: 3/3
   304 | D:1      | Reached XP level 2. HP: 15/15 MP: 5/5
   326 | D:1      | Learned a level 2 spell: Ensorcelled Hibernation
   455 | D:1      | Reached XP level 3. HP: 3/19 MP: 6/6
  1438 | D:2      | Reached skill level 5 in Stealth
  1512 | D:2      | Found a faded altar of an unknown god.
  1542 | D:2      | Reached XP level 4. HP: 24/24 MP: 1/7
  1697 | D:2      | Reached skill level 1 in Ice Magic
  2663 | D:3      | Reached skill level 1 in Shields
  2735 | D:3      | Reached XP level 5. HP: 28/28 MP: 8/8
  3683 | D:4      | Noticed a black bear
  3778 | D:4      | Found Ushreismi's Armour Shop.
  3850 | D:4      | Noticed Menkaure
  4099 | D:5      | Entered Level 5 of the Dungeon
  4099 | D:5      | Noticed a necrophage
  4108 | D:4      | Noticed Edmund
  4534 | D:4      | Found Cuntaroc's Antique Armour Shop.
  4596 | D:4      | Killed a black bear
  4597 | D:4      | Reached XP level 6. HP: 32/32 MP: 6/10
  4835 | D:4      | Noticed Duvessa
  4840 | D:4      | Noticed Dowan
  4948 | D:4      | Killed Duvessa
  4949 | D:4      | Reached XP level 7. HP: 21/36 MP: 5/11
  4950 | D:4      | Killed Dowan
  5088 | D:4      | Found Ufraidatz's Armour Shop.
  5101 | D:4      | Slain by Menkaure

Illustrated notes

Levels and vault maps discovered:
D:1:      tarquinn_simple_flora_water_b, layout_basic
D:2:      layout_basic, hellmonk_ecumenical_altar_dog_temple, grunt_ministairs_6
D:3:      minmay_evil_eye, layout_loops_cross, serial_bayou,
          serial_bayou_shore_a, serial_bayou_crossing, serial_bayou_lagoon_a,
          serial_bayou_pond_d, grunt_decor_mini_mirrors
D:4:      layout_cave_pools, serial_shops, kennysheep_little_box,
          nicolae_square_shop, nicolae_shop_temple_entry_statues_fountains,
          nicolae_shop_statue_plus, shop, uniq_menkaure, uniq_edmund,
          uniq_duvessa
D:5:      minmay_opposing_rooms, layout_gridville,
          minmay_temple_entry_butterflies

Skill      XL: |  1  2  3  4  5  6  7 |
---------------+----------------------+-----
Stealth        | 5 |  5.6
Short Blades   | 2 3 4 |  4.0
Ice Magic      | 1 2 |  2.1
Shields        | 1 2 |  2.1
Dodging        | 3 |  3.6
Spellcasting   | 3 |  3.1
Hexes          | 4 |  4.0

Action                   |  1- 3 |  4- 6 |  7- 9 || total
-------------------------+-------+-------+-------++-------
Melee: Dagger            |    69 |   113 |    11 ||   193
 Fire: Hunting sling     |       |     2 |       ||     2
 Cast: Corona            |     1 |       |       ||     1
       Ensorcelled Hiber |     4 |    27 |     1 ||    32
  Use: Scroll            |       |     9 |       ||     9
 Stab: Sleeping          |    28 |    30 |     1 ||    59
Armor: Robe              |     5 |     9 |     1 ||    15
Dodge: Dodged            |    38 |    73 |     3 ||   114
Block: Buckler           |     1 |    22 |     1 ||    24
